 Dungeon Crawl Stone Soup version 0.27.0-1-g7a089689b8 (webtiles) character file.

Game seed: 13425289676299185603

52 bande the Skirmisher (level 3, 0/24 HPs)
             Began as a Gargoyle Fighter on Aug 5, 2021.
             Slain by Natasha (6 damage)
             ... on level 1 of the Dungeon.
             The game lasted 00:01:44 (1047 turns).

bande the Skirmisher (Gargoyle Fighter)             Turns: 1047, Time: 00:01:45

Health: 0/24       AC: 10    Str: 19    XL:     3   Next: 85%
Magic:  3/3        EV:  7    Int:  8    God:
Gold:   52         SH:  9    Dex: 10    Spells: 2/2 levels left

rFire    . . .     SeeInvis .   a - +0 war axe
rCold    . . .     Faith    .   c - +0 kite shield
rNeg     + . .     Spirit   .   b - +0 scale mail
rPois    ∞         Reflect  .   (no helmet)
rElec    +         Harm     .   (no cloak)
rCorr    .         Rampage  .   (no gloves)
Will     .....                  (no boots)
Stlth    ..........             (no amulet)
HPRegen  0.08/turn              (no ring)
MPRegen  0.08/turn              (no ring)

@: slowed, very slow
A: sickness immunity, AC +3, negative energy resistance 1, electricity
resistance, torment resistance 1, petrification resistance
a: no special abilities


You were on level 1 of the Dungeon.
You visited 1 branch of the dungeon, and saw 2 of its levels.

You collected 52 gold pieces.

Inventory:

Hand Weapons
 a - a +0 war axe (weapon)
Armour
 b - a +0 scale mail (worn)
 c - a +0 kite shield (worn)
Potions
 d - a potion of might


   Skills:
 + Level 3.8 Fighting
 + Level 2.4 Axes
 + Level 3.6 Armour
 + Level 0.2 Dodging
 + Level 3.8 Shields


You had 2 spell levels left.
You didn't know any spells.
Your spell library was empty.

Dungeon Overview and Level Annotations

Branches:
Dungeon (2/15)

Altars:

Shops:
D:1 (

Annotations:
D:1 Natasha


Innate Abilities, Weirdness & Mutations

You are immune to sickness and miasma.
Your stone body is resilient. (AC +3)
You are immune to poison.
You resist negative energy. (rN+)
You are resistant to electric shocks. (rElec)
You are resistant to unholy torment.
You are immune to petrification.


Message History

Natasha, Servant of Life and Death comes into view.
Natasha casts a spell at you.
You feel as though you will be slow longer.
Natasha is nearby!
Natasha is nearby!
Natasha casts a spell.
Natasha stares at you and mumbles some strange words.
You feel as though you will be slow longer.
You block Natasha's attack.
You barely miss Natasha. Natasha casts a spell at you.
You feel as though you will be slow longer.
Natasha claws you but does no damage.
You closely miss Natasha. Natasha claws you!
The crimson imp blinks!
Natasha mumbles some strange words.
You block the crimson imp's attack.
Your shield prevents you from hitting Natasha.
You closely miss the crimson imp.
Natasha stares at you and mumbles some strange words.
You feel as though you will be slow longer.
The crimson imp barely misses you. You block Natasha's attack.
The crimson imp shouts, "Out, out, thou qualling fat-kidneyed bandersnitch!"
The crimson imp completely misses you. You block Natasha's attack.
You barely miss Natasha. You closely miss the crimson imp.
The crimson imp hits you but does no damage.
Natasha claws you.
* * * LOW HITPOINT WARNING * * *
The crimson imp hits you but does no damage.
Natasha casts a spell at you. You resist with significant effort.
The crimson imp blinks!
You closely miss Natasha. Natasha barely misses you.
You block Natasha's attack. Natasha casts a spell at you.
You resist with significant effort.
You closely miss Natasha. You slash the crimson imp!
The crimson imp disappears in a puff of smoke!
Natasha stares at you and mumbles some strange words.
You feel as though you will be slow longer.
Natasha claws you.
You die...

######## ##.......
##########........
#†>...............
#.#######.........
#####§### #.........
#..5h@..# ##).......
#.###.#.# ##.......
#.###.#.#
########.##.
#.##..#.#
#.....##.##.
#.##.##.#
#.....##.##.
#.##.##.#
#.....##.##.
#.......#
#.....##....
###..####
#........##.
#.#############.#.#.


You could see Natasha and a crimson imp (summoned).

Vanquished Creatures
  Natasha (D:1)
  A dart slug (D:1)
  4 ball pythons (D:1)
  An endoplasm (D:1)
  4 goblins (D:1)
  3 hobgoblins (D:1)
  A kobold (D:1)
  A quokka (D:1)
  4 bats (D:1)
  2 frilled lizards (D:1)
  3 rats (D:1)
25 creatures vanquished.

Notes
Turn   | Place    | Note
-------+----------+-------------------------------------------
     0 | D:1      | bande the Gargoyle Fighter began the quest for the Orb.
     0 | D:1      | Reached XP level 1. HP: 14/14 MP: 1/1
   161 | D:1      | Reached XP level 2. HP: 18/19 MP: 2/2
   281 | D:1      | Found Doiwko's Weapon Shoppe.
   486 | D:1      | Reached XP level 3. HP: 10/24 MP: 3/3
   974 | D:2      | Noticed Natasha
  1027 | D:1      | Killed Natasha
  1039 | D:1      | Noticed Natasha
  1047 | D:1      | Slain by Natasha

Illustrated notes

Levels and vault maps discovered:
D:1:      ncdulo_lavacross, layout_loops_cross, serial_shops,
          nicolae_shop_behind_doors, st_stairs_1, minmay_close_crescents
D:2:      layout_rooms, chequers_ecumenical_altar_grove, grunt_ministairs_3,
          minmay_misc_feat_rugged, minmay_pentomino_v2, uniq_jessica,
          uniq_natasha

Skill      XL: |  1  2 |
---------------+-------+-----
Axes           | 2 |  2.4
Fighting       | |  3.8
Armour         | |  3.6
Dodging        | |  0.2
Shields        | |  3.8

Action                   || total
-------------------------++-------
Melee: War axe           ||    72
  Use: Scroll            ||     3
Armor: Scale mail        ||    44
Dodge: Dodged            ||    29
Block: Kite shield       ||    55
